 Dungeon Crawl Stone Soup version 0.29-a0-362-g5854e031c7 (webtiles) character file.

Game seed: 7873599867030240166

171 spiderkeys the Skirmisher (level 5, 0/57 HPs)
             Began as an Ogre Abyssal Knight on Apr 29, 2022.
             Was a Priest of Lugonu.
             Slain by Crazy Yiuf
             ... wielding a +3 quarterstaff of chaos
              (6 damage)
             ... on level 3 of the Dungeon.
             The game lasted 00:03:24 (2957 turns).

spiderkeys the Skirmisher (Ogre Abyssal Knight)     Turns: 2957, Time: 00:03:24

Health: 0/57       AC:  4    Str: 12    XL:     5   Next: 51%
Magic:  7/7        EV: 10    Int: 13    God:    Lugonu [***...]
Gold:   186        SH:  5    Dex:  9    Spells: 4/4 levels left

rFire   . . .      SeeInvis .   q - +3 dagger of the Transmuting Madman {vorpal, *Rage Will+++ rCorr Str-5}
rCold   . . .      Faith    .   (no shield)
rNeg    . . .      Spirit   .   b - +0 robe
rPois   .          Reflect  +   (helmet restricted)
rElec   .          Harm     .   s - +0 cloak
rCorr   +          Rampage  .   (gloves unavailable)
Will    +++..      Rage     20% (boots unavailable)
Stlth   +.........              h - amulet of reflection
HPRegen 0.19/turn               (no ring)
MPRegen 0.10/turn               (no ring)

@: no status effects
A: large, unfitting armour, tough skin 1
a: Renounce Religion, Depart the Abyss, Bend Space, Banish


You were on level 3 of the Dungeon.
You worshipped Lugonu.
Lugonu was most pleased with you.
You visited 1 branch of the dungeon, and saw 3 of its levels.
You visited the Abyss 1 time.

You collected 186 gold pieces.


Innate Abilities, Weirdness & Mutations

You are too large for most types of armour.
You have tough skin. (AC +1)


   Skills:
 + Level 5.2 Fighting
 + Level 3.2 Axes
 + Level 3.1 Dodging
 + Level 3.4 Invocations


You had 4 spell levels left.
You didn't know any spells.
Your spell library was empty.

Inventory:

Hand Weapons
 a - a +1 hand axe
 q - the +3 dagger of the Transmuting Madman (weapon) {vorpal, *Rage Will+++ rCorr Str-5}
   (You found it on level 2 of the Dungeon)

   It inflicts extra damage upon your enemies.
   Str:       It affects your strength (-5).
   *Rage:     It berserks you when you make melee attacks (+20% chance).
   rCorr:     It protects you from acid and corrosion.
   Will:      It greatly increases your willpower.
 x - a +0 war axe
   (You found it on level 3 of the Dungeon)
Missiles
 d - 6 poisoned darts
 j - 99 stones
 z - 3 boomerangs
Armour
 b - a +0 robe (worn)
 s - a +0 cloak (worn)
   (You found it on level 3 of the Dungeon)
 v - a +0 robe
   (You found it on level 3 of the Dungeon)
Magical Staves
 t - a staff of air {!a}
   (You found it on level 3 of the Dungeon)
Jewellery
 h - an amulet of reflection (around neck)
   (You found it on level 1 of the Dungeon)
Scrolls
 c - a scroll of amnesia {unknown}
 f - 4 scrolls of teleportation {@r4}
 g - a scroll of summoning {unknown}
 o - a scroll of brand weapon {unknown}
 p - a scroll of enchant armour {unknown}
 r - a scroll of silence {unknown}
 u - 2 scrolls of identify {unknown}
 w - a scroll of fear {unknown}
 y - a scroll of blinking {unknown}
Potions
 e - a potion of attraction {unknown}
 i - a potion of berserk rage {unknown}
 k - a potion of brilliance {unknown}
 l - 3 potions of curing {@q1}
 m - 2 potions of might {unknown}
 n - a potion of flight {unknown}

Dungeon Overview and Level Annotations

Branches:
Dungeon (3/15)

Altars:
Kikubaaqudgha

Annotations:
D:3 Crazy Yiuf

.........>#####....#
#.# ....#####.#
#+..+# #.# ....# #.#
♣PPP.♣ ##########.#
....# #.# ♣♣P..♣
#..........#
###.#####.## ♣♣.♣♣
############
........#..# ♣♣.♣
.#..###.#### ♣.♣♣
###.<.>....# ♣♣.♣
.#....#.##.# ♣@♣♣
...#..#.##.# #g#
#.##.......# ...
......##..[# #...#
......#....# #)..#
........#..# #####
.....#....##
..........#
######.####


You could see Crazy Yiuf.


Message History

The orc shouts!
The adder bites you but does no damage. x2
You barely miss the adder. The adder closely misses you. x2
You hit the adder. You hit the orc. The orc hits you with a +0 flail.
The adder closely misses you. You block the orc's attack.
The adder bites you but does no damage. 😕 HP[-4]
You take 4 damage, and now have 53/57 hp.
You closely miss the adder. You barely miss the orc. The adder bites you.
You are poisoned.
The adder poisons you! The orc hits you with a +0 flail.
The adder bites you but does no damage. 😕 HP[-5]
You take 5 damage, and now have 48/57 hp.
You slash the adder!
You kill the adder!
Lugonu accepts your kill.
You closely miss the orc.
You feel very sick. The orc barely misses you. 😕 HP[-3]
You take 3 damage, and now have 45/57 hp.
You closely miss the orc.
You feel sick. The orc closely misses you. x2
You closely miss the orc.
You feel sick. The orc barely misses you. 😕 HP[-1]
You take 1 damage, and now have 44/57 hp.
You slash the orc!
You kill the orc!
Lugonu accepts your kill.
You feel sick. 😮 HP[-2]
You take 2 damage, and now have 42/57 hp.
Unknown command.
You are too injured to fight recklessly!
You are too injured to fight recklessly!
You feel sick.
You are no longer poisoned.
Key pressed, stopping explore.
Key pressed, stopping explore.
Key pressed, stopping explore.
Key pressed, stopping explore.
y - a scroll labelled SIBBINK TIOVIFF 😎 HP[+15]
Your hp is fully restored (57).
z - 3 boomerangs
Things that are here:
a +0 flail; an orc corpse Key pressed, stopping explore.
You now have 186 gold pieces (gained 2).
You see here a +0 cloak.
Crazy Yiuf shouts!
Crazy Yiuf says, "Crazy?
Crazy!?
PORCUPINE!"
As you open the door, it creaks loudly!
Crazy Yiuf says, "Announcement mobile koolooloo!"
You slash Crazy Yiuf!
Crazy Yiuf hits you with a +3 quarterstaff of chaos.
You are poisoned. 😕 HP[-6]
You take 6 damage, and now have 51/57 hp.
You barely miss Crazy Yiuf.
You feel very sick.
Crazy Yiuf hits you with a +3 quarterstaff of chaos!
Crazy Yiuf freezes you. 😮 HP[-20]
You take 20 damage, and now have 31/57 hp.
MASSIVE DAMAGE!! (PAUSE)
You closely miss Crazy Yiuf.
You feel very sick.
Crazy Yiuf cries, "Adder arm meccalolo!"
Crazy Yiuf closely misses you. Crazy Yiuf barely misses you. 😨 HP[-4]
You take 4 damage, and now have 27/57 hp.
You barely miss Crazy Yiuf. You punch Crazy Yiuf, but do no damage.
You feel very sick.
Crazy Yiuf laughs, "East arm verde!"
Crazy Yiuf barely misses you. 😨 HP[-3]
You take 3 damage, and now have 24/57 hp.
You hit Crazy Yiuf.
You feel sick. You block Crazy Yiuf's attack.
Crazy Yiuf hits you with a +3 quarterstaff of chaos!
* * * LOW HITPOINT WARNING * * *
😱 HP[-15]
You take 15 damage, and now have 9/57 hp.
MASSIVE DAMAGE!! (PAUSE) It was a potion of curing.
You feel better.
Crazy Yiuf hits you with a +3 quarterstaff of chaos.
* * * LOW HITPOINT WARNING * * *
You are poisoned. 😱 HP[+1]
You feel better. You block Crazy Yiuf's attack. 😨 HP[+8]
You regained 8 hp, and now have 18/57 hp.
You feel weaker.
q - the +3 dagger of the Transmuting Madman (weapon)
{vorpal, *Rage Will+++ rCorr Str-5} You barely miss Crazy Yiuf.
Crazy Yiuf grits, "Lay aubergine down!"
Crazy Yiuf hits you with a +3 quarterstaff of chaos!
* * * LOW HITPOINT WARNING * * *
Crazy Yiuf burns you.
You die...

Skill      XL: |  1  2  3  4 |
---------------+-------------+-----
Invocations    | 3 |  3.4
Fighting       | 5 |  5.2
Axes           | 3 |  3.2
Dodging        | 3 |  3.1

Action                   |  1- 3 |  4- 6 || total
-------------------------+-------+-------++-------
Melee: Hand axe          |    99 |    54 ||   153
       Dagger            |       |     2 ||     2
       War axe           |       |    33 ||    33
       Punch             |       |     1 ||     1
Throw: Dart              |       |     1 ||     1
  Use: Scroll            |     1 |       ||     1
       Potion            |       |     2 ||     2
Armor: Robe              |    22 |    39 ||    61
Dodge: Dodged            |    45 |    69 ||   114
Block: Other             |    20 |    26 ||    46
       Reflection        |     1 |       ||     1

Levels and vault maps discovered:
D:1:      saegor_arrival_simple_a, layout_rooms,
          chequers_ecumenical_altar_simple_redux
D:2:      layout_basic
D:3:      layout_loops_cross, nicolae_kikubaaqudgha_miasma_corner, uniq_terence,
          uniq_crazy_yiuf_cottage

Notes
Turn   | Place    | Note
-------+----------+-------------------------------------------
     0 | Abyss:1  | spiderkeys the Ogre Abyssal Knight began the quest for the
                  | Orb.
     0 | Abyss:1  | Reached XP level 1. HP: 24/24 MP: 2/2
     0 | Abyss:1  | magus.rc [v1.11.3]
    33 | D:1      | You pass through the gate.
    33 | D:1      | Escaped the Abyss
   210 | D:1      | Reached XP level 2. HP: 30/32 MP: 3/3
   249 | D:1      | Found a faded altar of an unknown god.
   962 | D:2      | Reached XP level 3. HP: 24/40 MP: 4/4
  1195 | D:2      | Identified the +3 dagger of the Transmuting Madman {vorpal,
                  | *Rage Will+++ rCorr Str-5}
  1567 | D:3      | Reached XP level 4. HP: 29/49 MP: 6/6
  1808 | D:3      | Found an ancient bone altar of Kikubaaqudgha.
  1834 | D:3      | Noticed Terence
  1852 | D:3      | Killed Terence
  1853 | D:3      | Reached skill level 3 in Invocations
  2116 | D:3      | Found a runed translucent door.
  2117 | D:3      | Noticed Crazy Yiuf
  2158 | D:3      | Reached *** piety under Lugonu
  2181 | D:3      | Reached skill level 5 in Fighting
  2181 | D:3      | Reached skill level 3 in Axes
  2181 | D:3      | Reached skill level 3 in Dodging
  2181 | D:3      | Reached XP level 5. HP: 47/57 MP: 7/7
  2953 | D:3      | HP: 9/57 [Crazy Yiuf/+3 quarterstaff of chaos (13)]
  2957 | D:3      | Slain by Crazy Yiuf

Vanquished Creatures
  A hound (D:3)
  Terence (D:3)
  6 adders
  A worm (D:3)
  2 dart slugs (D:1)
  2 orcs (D:3)
  2 ball pythons (D:2)
  4 bats (D:3)
  4 endoplasms
  2 giant cockroaches
  6 goblins
  5 hobgoblins
  4 jackals (D:3)
  2 quokkas
  7 frilled lizards
  2 kobolds
  2 rats
53 creatures vanquished.

Table legend:
 A = Non-vault XP
 B = Vault XP
 C = Vault XP percentage of total XP
 D = Non-vault monster count
 E = Vault monster count
 F = Vault count percentage of total count
                 A         B        C        D         E       F
            +---------+---------+-------+---------+---------+-------
      Total |     209 |      36 |  14.7 |      52 |       1 |   1.9
            +---------+---------+-------+---------+---------+-------
        D:1 |      24 |       0 |   0.0 |      12 |       0 |   0.0
        D:2 |      51 |       0 |   0.0 |      16 |       0 |   0.0
        D:3 |     134 |      36 |  21.2 |      24 |       1 |   4.0
            +---------+---------+-------+---------+---------+-------

Illustrated notes

Table legend:
 A = Kills in this place as a percentage of kills in entire the game.
 B = Kills by you in this place as a percentage of kills by you in the entire game.
 C = Kills by friends in this place as a percentage of kills by friends in the entire game.
 D = Other kills in this place as a percentage of other kills in the entire game.
 E = Experience gained in this place as a percentage of experience gained in the entire game.
 F = Experience gained in this place divided by the number of levels of this place that you have seen.
                   A       B       C       D       E      F
               +-------+-------+-------+-------+-------+----------------------
         Total | 100.0 | 100.0 |   N/A |   N/A | 100.0 |  61.2
       Dungeon | 100.0 | 100.0 |   N/A |   N/A | 100.0 |  81.7
               +-------+-------+-------+-------+-------+----------------------

Table legend: (Time is in decaauts)
 A = Elapsed time spent in this place.
 B = Non-inter-level travel time spent in this place.
 C = Inter-level travel time spent in this place.
 D = Time resting spent in this place.
 E = Time spent auto-exploring this place.
 F = Levels seen in this place.
 G = Mean time per level.
                   A        B        C        D        E       F      G
               +--------+--------+--------+--------+--------+-----+--------+
         Total |   3004 |   2947 |     57 |    208 |   2293 |   4 |  751.0 |
       Dungeon |   2971 |   2914 |     57 |    208 |   2265 |   3 |  990.3 |
         Abyss |     33 |     33 |      0 |      0 |     28 |   1 |   33.0 |
               +--------+--------+--------+--------+--------+-----+--------+

Top non-repeatable levels by time:
     D:3: 1437 daAuts
     D:2: 966 daAuts
     D:1: 567 daAuts
 Abyss:1: 33 daAuts
